 Dungeon Crawl Stone Soup version 0.31.0-1-g2c135a0 (webtiles) character file.

Game seed: 1408103416314902189

337 brinewave the Trooper (level 6, -7/55 HPs)
             Began as a Ghoul Berserker on Jan 24, 2024.
             Was a Priest of Trog.
             Mangled by an ogre
             ... wielding a +0 giant club
              (13 damage)
             ... on level 4 of the Dungeon.
             The game lasted 00:12:10 (3760 turns).

brinewave the Trooper (Ghoul Berserker)             Turns: 3760, Time: 00:12:11

Health: -7/55      AC:  8    Str: 23    XL:     6   Next: 54%
Magic:  6/6        EV: 10    Int:  6    God:    Trog [***...]
Gold:   130        SH:  0    Dex:  8    Spells: 5/5 levels left

rFire   . . .        a - +0 hand axe
rCold   + . .        (no shield)
rNeg    + + +        h - +0 scale mail
rPois   ∞            (no helmet)
rElec   .            r - +0 cloak
rCorr   .            (no gloves)
SInv    .            (no boots)
Will    .....        (no amulet) Stlth
                     (no ring)
HPRegen 0.00/turn    (no ring)
MPRegen 0.10/turn

%: no passive effects
@: inhibited regen
A: claws 1, cold resistance 1, negative energy resistance 3, inhibited
regeneration, torment resistance 2, devour on kill
a: Renounce Religion, Trog's Hand


You were on level 4 of the Dungeon.
You worshipped Trog.
Trog was most pleased with you.
You visited 1 branch of the dungeon, and saw 4 of its levels.

You collected 130 gold pieces.

Inventory:

Hand Weapons
 a - a +0 hand axe (weapon)
Missiles
 g - 98 stones
 k - 2 boomerangs
Armour
 h - a +0 scale mail (worn)
 r - a +0 cloak (worn)
Jewellery
 m - a ring of see invisible
Scrolls
 d - a scroll of immolation {unknown}
 e - a scroll of enchant armour {unknown}
 i - a scroll of teleportation {unknown}
 l - a scroll of enchant weapon {unknown}
 n - a scroll of silence {unknown}
 p - 2 scrolls of identify {unknown}
 t - a scroll of revelation {unknown}
Potions
 b - a potion of haste {unknown}
 f - 2 potions of might {unknown}
 j - a potion of lignification {unknown}
 o - 2 potions of attraction {unknown}
 q - 2 potions of curing {unknown}


   Skills:
 + Level 4.8 Fighting
 + Level 4.0 Axes
 + Level 3.4 Armour
 + Level 3.3 Dodging


You had 5 spell levels left.
You didn't know any spells.
Your spell library was empty.

Dungeon Overview and Level Annotations

Branches:
Dungeon (4/15)
 Temple: D:4-7

Altars:

Shops:
D:1 (


Innate Abilities, Weirdness & Mutations

You are immune to poison.
You have sharp fingernails.
Your flesh is cold resistant. (rC+)
You are immune to negative energy. (rN+++)
You do not regenerate when monsters are visible.
You are immune to unholy pain and torment.
You thrive by killing the living.


Message History

You hit the ogre.
The ogre is moderately wounded.
The ogre misses you.
You hit the ogre but do no damage.
The ogre is moderately wounded.
The ogre misses you.
You hit the ogre.
The ogre is heavily wounded.
You hit the orc priest but do no damage.
The orc priest hits you with a +1 mace of protection.
The ogre barely misses you. The dart slug launches a dart at you.
The slug dart misses you. The ogre attacks as it pursues you!
The ogre closely misses you.
The orc priest attacks as it pursues you!
The orc priest hits you but does no damage.
The orc priest attacks as it pursues you!
The orc priest hits you with a +1 mace of protection.
You hit the orc priest but do no damage.
The orc priest hits you but does no damage.
You hit the orc priest.
The orc priest is lightly wounded.
The orc priest hits you with a +1 mace of protection. x2
You slash the orc priest!
The orc priest is severely wounded.
The orc priest hits you with a +1 mace of protection.
You hit the orc priest but do no damage.
The orc priest is severely wounded.
You hit the ogre.
The ogre hits you with a +0 giant club!!
* * * LOW HITPOINT WARNING * * *
The orc priest hits you but does no damage.
You closely miss the orc priest.
The orc priest is severely wounded.
You hit the ogre. The ogre hits you with a +0 giant club!
* * * LOW HITPOINT WARNING * * *
The orc priest hits you but does no damage.
The orc priest looks braver for a moment.
The ogre attacks as it pursues you! The ogre hits you with a +0 giant club!
You die...

....................#
....................#
...........)........#
....(...............#
........w...........#
....................#
..........w.#.#.#...#
.....#####o..(......#
.....#..@O...#(#.#..#
.... +.........(....#
.... #....#.#.).8...#
#....(....(.(..#
#.##..#.#...8..# #.
##........### ..
####.8.### ... #####


You could see an ogre and an orc priest.

Vanquished Creatures
  An ogre (D:4)
  An orc priest (D:4)
  2 orc wizards
  Robin (D:2)
  6 adders
  A white imp (D:3)
  2 dart slugs
  2 ribbon worms
  9 orcs
  6 bats
  4 endoplasms
  2 giant cockroaches (D:1)
  12 goblins
  3 hobgoblins
  8 jackals
  5 kobolds
  A quokka (D:2)
  9 ball pythons
  6 frilled lizards
  5 rats
86 creatures vanquished.

Notes
Turn   | Place    | Note
-------+----------+-------------------------------------------
     0 | D:1      | brinewave the Ghoul Berserker began the quest for the Orb.
     0 | D:1      | Reached XP level 1. HP: 19/19 MP: 1/1
   259 | D:1      | Found Hiqal's Weapon Emporium.
   351 | D:1      | Reached XP level 2. HP: 21/26 MP: 2/2
   697 | D:1      | Found a faded altar of an unknown god.
   969 | D:2      | Reached XP level 3. HP: 26/33 MP: 3/3
  1127 | D:2      | Noticed Robin
  1165 | D:2      | Killed Robin
  1352 | D:2      | Reached XP level 4. HP: 40/40 MP: 4/4
  1360 | D:2      | Reached ** piety under Trog
  2052 | D:3      | Reached XP level 5. HP: 30/46 MP: 5/5
  2965 | D:4      | Noticed an ogre
  2966 | D:4      | Noticed an ogre
  2967 | D:4      | Found the +6 shillelagh "Devastator" {shatter}
  3206 | D:4      | Reached *** piety under Trog
  3255 | D:4      | Noticed an ice beast
  3468 | D:4      | Killed an ogre
  3469 | D:4      | Reached XP level 6. HP: 42/53 MP: 6/6
  3760 | D:4      | Mangled by an ogre

Illustrated notes

Levels and vault maps discovered:
D:1:      roderic_crop_circles_arrival_small, layout_basic,
          shapermc_ecumenical_altar_hornbeckon, serial_shops,
          nicolae_lakefront_shop, corexii_item_surrounded_by_moat
D:2:      layout_basic, uniq_robin
D:3:      layout_basic, kennysheep_nondescript, hangedman_decor_growths,
          grunt_decor_clamped
D:4:      lemuel_castle_with_subvaults [lemuel_castle_interior_original],
          layout_gridville, serial_shops, nicolae_shop_overgrown_old_shop,
          dilly_guarded_unrand_devastator

Skill      XL: |  1  2  3  4  5  6 |
---------------+-------------------+-----
Armour         | 2 3 |  3.4
Dodging        | 2 3 |  3.3
Axes           | 3 4 |  4.0
Fighting       | 4 |  4.8

Action                     |  1- 3 |  4- 6 || total
---------------------------+-------+-------++-------
  Melee: Hand axe          |   110 |   261 ||   371
  Throw: Dart              |       |    11 ||    11
         Boomerang         |       |     2 ||     2
 Invoke: Trog's Hand       |       |     2 ||     2
    Use: Scroll            |       |     2 ||     2
 Armour: Ring mail         |    35 |       ||    35
         Scale mail        |    52 |   219 ||   271
  Dodge: Dodged            |    70 |   144 ||   214
